AoeStats
← deibergu17

Arabia

510613726Analyzed
1v1 RM · 4h ago on Oct 1, 2026· 64m 47s· 2 players
Game mode
Random Map
Map size
Tiny (2 player)
Population
200
Speed
Normal
Resources
Standard
Victory
Conquest
Starting age
Dark Age
Ending age
Imperial Age
RankedLock teamsTeams togetherTeam positionsShared explorationLock speedFull tech treeHidden civsTurbo modeCheats
Victory
Defeat
🇱🇧 Ethiopians · Lebanon
1063
+15
🇪🇸 Magyars · Spain
1042
-15
deibergu17
5:16 Loom
12:00 Feudal Age
17:45 Castle Age
29:43 Bloodlines
32:01 Scale Barding Armor
34:38 Double-Bit Axe
34:35 Horse Collar
45:44 Chain Barding Armor
55:47 Imperial Age
54:59 Wheelbarrow
54:27 Heavy Plow
54:40 Bow Saw
54:28 Gold Mining
55:22 Fletching
55:57 Elite Magyar Huszar
57:32 Plate Barding Armor
Heizenberg
10:45 Feudal Age
9:01 Loom
14:47 Fletching
15:25 Padded Archer Armor
23:37 Castle Age
23:10 Gold Mining
23:13 Double-Bit Axe
23:09 Horse Collar
23:39 Crossbowman
24:24 Thumb Ring
25:33 Squires
27:05 Bodkin Arrow
27:26 Leather Archer Armor
30:24 Forging
30:34 Scale Mail Armor
32:46 Iron Casting
32:27 Chain Mail Armor
32:21 Stone Mining
37:25 Gold Shaft Mining
37:25 Stone Shaft Mining
44:30 Wheelbarrow
44:44 Husbandry
44:05 Light Cavalry
45:09 Bow Saw
49:26 Hand Cart
50:33 Stone Shaft Mining
54:03 Heavy Plow
58:40 Imperial Age
56:51 Arson
59:05 Arbalester
59:10 Halberdier
59:52 Bracer
60:53 Blast Furnace
60:24 Plate Mail Armor
60:24 Ring Archer Armor
62:58 Heated Shot
64:08 Chemistry
63:29 Ballistics
Connection lost

Rejoining the realm…

Still unreachable

The connection could not be restored.

Session expired

The server has moved on; the page needs a fresh start.